 Dungeon Crawl Stone Soup version 0.30-a0-1075-gcd70e7a56d (webtiles) character file.

Game seed: 10593693651726839654

90 Turgor the Sneak (level 4, -2/24 HPs)
             Began as a Vampire Enchanter on Apr 14, 2023.
             Killed by divine providence
             ... invoked by an orc priest
              (12 damage)
             ... on level 3 of the Dungeon.
             The game lasted 00:12:10 (1490 turns).

Turgor the Sneak (Vampire Enchanter)                Turns: 1490, Time: 00:12:10

Health: -2/24      AC:  3    Str:  9    XL:     4   Next: 32%
Magic:  7/7        EV: 12    Int: 17    God:
Gold:   103        SH:  0    Dex: 14    Spells: 7/7 levels left

rFire   . . .      SeeInvis +    a - +1 dagger
rCold   + + .      Faith    .    (no shield)
rNeg    + + +      Spirit   .    b - +0 robe
rPois   ∞          Reflect  .    (no helmet)
rElec   .          Rampage  .    r - +0 cloak
rCorr   .                        (no gloves)
Will    .....                    (no boots)
Stlth   +++++                    (no amulet)
HPRegen 0.00/turn                (no ring)
MPRegen 0.10/turn                (no ring)

@: bloodless, inhibited regen
A: bloodless, fangs 3, see invisible, vampiric 2
a: Bat Form, Revivify


You were on level 3 of the Dungeon.
You visited 1 branch of the dungeon, and saw 3 of its levels.

You collected 103 gold pieces.

Inventory:

Hand Weapons
 a - a +1 dagger (weapon)
 d - a +0 short sword
Missiles
 f - 6 poisoned darts (quivered)
Armour
 b - a +0 robe (worn)
 r - a +0 cloak (worn)
Magical Staves
 n - a staff of poison
Jewellery
 e - an amulet of faith
Scrolls
 h - a scroll of teleportation
 q - 3 scrolls of noise {unknown}
 s - a scroll of fog {unknown}
 t - a scroll of enchant armour {unknown}
Potions
 c - 2 potions of invisibility
 g - a potion of might
 i - a potion of attraction
 j - a potion of mutation
 k - a potion of brilliance
 l - 2 potions of degeneration {unknown}
 m - 4 potions of heal wounds {unknown}
 o - 2 potions of curing {unknown}
 p - a potion of lignification {unknown}


   Skills:
 * Level 3.4 Short Blades
 - Level 2.1 Dodging
 + Level 5.4 Stealth
 - Level 2.0 Spellcasting
 + Level 5.3 Hexes


You had 7 spell levels left.
You didn't know any spells.
Your spell library contained the following spells:

 Spells                   Type           Power      Damage    Failure   Level
 Confusing Touch          Hex            19%        N/A       6%          3
 Tukima's Dance           Hex            19%        N/A       6%          3
 Ensorcelled Hibernation  Hex/Ice        20%        N/A       10%         2
 Magic Dart               Conj           4%         1d3       19%         1
 Dazzling Flash           Conj/Hex       20%        N/A       19%         3
 Summon Guardian Golem    Hex/Summ       10%        N/A       19%         3
 Call Imp                 Summ           2%         N/A       28%         2
 Mephitic Cloud           Conj/Pois/Air  1%         N/A       50%         3
 Orb of Destruction       Conj           0%         9d5       100%        7
 Spellforged Servitor     Conj/Summ      0%         N/A       100%        7


Dungeon Overview and Level Annotations

Branches:
Dungeon (3/15)

Altars:


Innate Abilities, Weirdness & Mutations

You do not regenerate when monsters are visible.
You are frail without blood (-20% HP).
You can heal yourself when you bite living creatures.
You are immune to poison.
You have razor-sharp teeth.
You have supernaturally acute eyesight. (SInv)
You are afflicted with vampirism and can become a bat while bloodless.


Message History

You barely miss the orc.
The orc is severely wounded.
The orc misses you.
You hit the orc.
You kill the orc!
Things that are here:
a +0 mace; an orc corpse An orc comes into view.
It is wielding a +0 dagger.
Found a scroll labelled DIUBASCH NICOTI.
The orc priest shouts!
The orc shouts!
You completely miss the orc priest. Your bite misses the orc priest.
You closely miss the orc priest. The orc priest closely misses you.
You closely miss the orc priest. The orc priest hits you with a +0 mace.
The orc hits you with a +0 dagger.
You hit the orc priest.
The orc priest is lightly wounded.
The orc priest hits you with a +0 mace. The orc hits you but does no damage.
You hit the orc priest.
The orc priest is moderately wounded.
The orc priest hits you but does no damage.
The orc completely misses you.
You hit the orc priest. You bite the orc priest.
You draw the orc priest's blood!
You feel better.
The orc priest is heavily wounded.
You closely miss the orc priest.
The orc priest is heavily wounded.
The orc priest hits you with a +0 mace. The orc hits you but does no damage.
You closely miss the orc priest.
The orc priest is heavily wounded.
The orc priest begins to cast a cantrip, but forgets the words!
The orc misses you.
You hit the orc priest.
The orc priest is heavily wounded.
The orc priest hits you with a +0 mace. The orc barely misses you.
You hit the orc priest. Your bite misses the orc priest.
The orc priest is severely wounded.
The orc priest invokes the aid of Beogh against you.
Beogh smites you!
Ouch! That really hurt!
You die...

## ##.# ##...# ###
##.....## ####..
#.......## #....#
.?....>.. #.#...
#....$o.#### #....#
#....o@...# ##.#.#
##...####)# #.#..
##. #.# #.###
#######.# #.#
#.......# #.#
#.#####.# #.# ##+##
#.##....# ##.#
##...## ##.##.##.##
#..#
##.....###.........#
#.###


You could see an orc priest and an orc.

Vanquished Creatures
  4 adders
  A dart slug (D:1)
  A worm (D:2)
  An orc (D:3)
  4 bats
  8 endoplasms
  4 giant cockroaches
  6 goblins
  2 hobgoblins
  2 kobolds (D:2)
  A quokka (D:1)
  4 ball pythons (D:1)
  4 frilled lizards
  8 rats
50 creatures vanquished.

Notes
Turn   | Place    | Note
-------+----------+-------------------------------------------
     0 | D:1      | Turgor the Vampire Enchanter began the quest for the Orb.
     0 | D:1      | Reached XP level 1. HP: 13/13 MP: 3/3
   133 | D:1      | Reached XP level 2. HP: 19/19 MP: 5/5
   667 | D:2      | Gained mutation: You are afflicted with vampirism and can
                  | become a bat while bloodless. [Vampire growth]
   667 | D:2      | Reached XP level 3. HP: 24/24 MP: 6/6
   699 | D:2      | Reached skill level 5 in Stealth
   775 | D:2      | Reached skill level 5 in Hexes
  1147 | D:3      | Reached XP level 4. HP: 24/24 MP: 7/7
  1490 | D:3      | Killed from afar by an orc priest

Illustrated notes

Levels and vault maps discovered:
D:1:      wander_arrival_chamber, layout_basic, minmay_surrounded
D:2:      layout_basic, serial_rivers, chequers_serial_rivers_small_a,
          chequers_serial_rivers_marsh, chequers_serial_rivers_marsh,
          chequers_serial_rivers_micro_a
D:3:      layout_loops_corners, dreamdust_ecumenical_altar_hidden_monk_grotto,
          moated_statue, kennysheep_generic_room_11

Skill      XL: |  1  2  3 |
---------------+----------+-----
Short Blades   | 2 3 |  3.4
Stealth        | 5 |  5.4
Hexes          | 5 |  5.3
Dodging        | |  2.1
Spellcasting   | |  2.0

Action                     |  1- 3 |  4- 6 || total
---------------------------+-------+-------++-------
  Melee: Dagger            |   140 |    28 ||   168
         Bite              |    14 |     4 ||    18
         Punch             |     2 |       ||     2
Ability: Exsanguinate      |     1 |       ||     1
    Use: Scroll            |     3 |     2 ||     5
   Stab: Sleeping          |    14 |     1 ||    15
 Armour: Robe              |    23 |     4 ||    27
  Dodge: Dodged            |    67 |    15 ||    82

Table legend: (Time is in decaauts)
 A = Elapsed time spent in this place.
 B = Non-inter-level travel time spent in this place.
 C = Inter-level travel time spent in this place.
 D = Time resting spent in this place.
 E = Time spent auto-exploring this place.
 F = Levels seen in this place.
 G = Mean time per level.
                   A        B        C        D        E       F      G
               +--------+--------+--------+--------+--------+-----+--------+
         Total |   1476 |   1451 |     25 |      4 |    902 |   3 |  492.0 |
       Dungeon |   1476 |   1451 |     25 |      4 |    902 |   3 |  492.0 |
               +--------+--------+--------+--------+--------+-----+--------+

Top non-repeatable levels by time:
     D:1: 658 daAuts
     D:2: 467 daAuts
     D:3: 351 daAuts
